 Dungeon Crawl Stone Soup version 0.26-a0-651-gb41185065b (webtiles) character file.

Game seed: 18409471818525418163

113 Flugslaktarn the Shield-Bearer (level 4, 0/42 HPs)
             Began as a Deep Dwarf Fighter on Oct 7, 2020.
             Blown up by Ijyb (28 damage)
             ... with a disintegration bolt
             ... on level 3 of the Dungeon.
             The game lasted 00:00:40 (682 turns).

Flugslaktarn the Shield-Bearer (Deep Dwarf Fighter)  Turns: 682, Time: 00:00:41

Health: 0/42       AC:  7    Str: 21    XL:     4   Next: 65%
Magic:  4/4        EV:  7    Int:  8    God:
Gold:   96         SH:  9    Dex: 12    Spells: 3/3 levels left

rFire    + . .     SeeInvis .   a - +0 war axe
rCold    . . .     Faith    .   c - +0 kite shield
rNeg     . . .     Spirit   .   b - +0 scale mail
rPois    .         Reflect  .   (no helmet)
rElec    .         Harm     .   (no cloak)
rCorr    .         Rampage  .   (no gloves)
MR       .....                  (no boots)
Stlth    ..........             (no amulet)
HPRegen  0.00/turn              f - ring of protection from fire
MPRegen  0.09/turn              (no ring)

@: non-regenerating
A: damage resistance, heal wounds, sense surroundings 1, no regeneration
a: Heal Wounds


You were on level 3 of the Dungeon.
You visited 1 branch of the dungeon, and saw 3 of its levels.

You collected 96 gold pieces.

Inventory:

Hand Weapons
 a - a +0 war axe (weapon)
Armour
 b - a +0 scale mail (worn)
 c - a +0 kite shield (worn)
Jewellery
 f - a ring of protection from fire (left hand)
   (You found it on level 2 of the Dungeon)
Scrolls
 e - a scroll of fear {unknown}
 g - a scroll of enchant weapon {unknown}
 h - 2 scrolls of fog {unknown}
 k - a scroll of teleportation {unknown}
 l - 2 scrolls of identify {unknown}
 m - a scroll of remove curse {unknown}
 n - a scroll of immolation {unknown}
 o - a scroll of amnesia {unknown}
Potions
 d - a potion of might
 i - a potion of mutation {unknown}
 j - a potion of haste {unknown}
 p - 2 potions of flight {unknown}


   Skills:
 * Level 3.5 Fighting
 * Level 3.5 Axes
 + Level 3.8 Armour
 + Level 3.9 Shields


You had 3 spell levels left.
You didn't know any spells.
Your spell library was empty.

Dungeon Overview and Level Annotations

Branches:
Dungeon (3/15)

Altars:

Annotations:
D:3 Ijyb


Innate Abilities, Weirdness & Mutations

You are resistant to damage.
You can heal yourself by infusing magical energy.
You passively map a small area around you.
You do not regenerate.


Message History

Found a purple potion.
You hear the brisk rusting of a drain nearby.
Ijyb completely misses you.
You hit Ijyb.
Ijyb is lightly wounded.
You barely miss the kobold. The kobold hits you but does no damage.
You block Ijyb's attack.
You closely miss Ijyb.
Ijyb is lightly wounded.
You hit the kobold.
You kill the kobold!
Ijyb zaps a wand.
You struggle to resist.
Ijyb hits you but does no damage.
You hit Ijyb but do no damage.
Ijyb is lightly wounded.
Ijyb zaps a wand.
You struggle to resist.
You barely miss Ijyb.
Ijyb is lightly wounded.
Ijyb zaps a wand.
You are blasted!
Ouch! That really hurt!
You die...

# #.# *, #...# #. #
#)##### .###.## #. #
#...>.########.###.# #.
# #.....#!........##.#
#.
####.....#.........##.#
##
.).......#.........##.#
,
......####............#
......# #.....g..#..##
......# #.....)@.#.>#
......# #........#..#
#'##+######...####(..#
#.#..........,* ##.#.#
* * #........... *
#..#.# ###......<.. *
#.##.# *
##.############.##.#
#.........).......#
#.############.####


You could see Ijyb.

Vanquished Creatures
  An orc wizard (D:3)
  2 adders
  A worm (D:3)
  2 dart slugs
  6 orcs (D:3)
  2 ball pythons
  3 bats
  A giant cockroach (D:1)
  6 goblins
  6 hobgoblins
  7 jackals
  6 kobolds
  3 frilled lizards
  6 rats
52 creatures vanquished.

Notes
Turn   | Place    | Note
-------+----------+-------------------------------------------
     0 | D:1      | Flugslaktarn the Deep Dwarf Fighter began the quest for the
                  | Orb.
     0 | D:1      | Reached XP level 1. HP: 20/20 MP: 1/1
    41 | D:1      | Reached XP level 2. HP: 25/27 MP: 2/2
   290 | D:2      | Reached XP level 3. HP: 27/34 MP: 3/3
   390 | D:3      | Reached XP level 4. HP: 24/42 MP: 4/4
   674 | D:3      | Noticed Ijyb
   682 | D:3      | Blown up by Ijyb

Illustrated notes

Levels and vault maps discovered:
D:1:      ncdulo_smallfort, layout_loops_ring
D:2:      layout_loops_ring
D:3:      minmay_general_purpose_star, layout_basic, gup_sewer_entry_bubbles,
          chequers_ecumenical_altar_simple_redux, uniq_ijyb

Skill      XL: |  1  2  3 |
---------------+----------+-----
Fighting       | 3 |  3.5
Axes           | 3 |  3.5
Armour         | |  3.8
Shields        | |  3.9

Action                   |  1- 3 |  4- 6 || total
-------------------------+-------+-------++-------
Melee: War axe           |    81 |    57 ||   138
 Abil: Heal Wounds       |       |     1 ||     1
Armor: Scale mail        |    42 |    15 ||    57
Dodge: Dodged            |    19 |    22 ||    41
Block: Kite shield       |    42 |    23 ||    65

Table legend: (Time is in decaauts)
 A = Elapsed time spent in this place.
 B = Non-inter-level travel time spent in this place.
 C = Inter-level travel time spent in this place.
 D = Time resting spent in this place.
 E = Time spent auto-exploring this place.
 F = Levels seen in this place.
 G = Mean time per level.
                   A        B        C        D        E       F      G
               +--------+--------+--------+--------+--------+-----+--------+
         Total |    738 |    715 |     23 |      0 |    394 |   3 |  246.0 |
       Dungeon |    738 |    715 |     23 |      0 |    394 |   3 |  246.0 |
               +--------+--------+--------+--------+--------+-----+--------+

Top non-repeatable levels by time:
     D:3: 359 daAuts
     D:1: 200 daAuts
     D:2: 179 daAuts
